 Dungeon Crawl Stone Soup version 0.31-a0-188-g5e087ee2ca (webtiles) character file.

Game seed: 13488650871915700085

17 qw the Shooter (level 2, -1/16 HPs)
             Began as a Deep Elf Hunter on June 22, 2023.
             Slain by a worm (7 damage)
             ... on level 1 of the Dungeon.
             The game lasted 00:00:09 (688 turns).

qw the Shooter (Deep Elf Hunter)                     Turns: 688, Time: 00:00:10

Health: -1/16      AC:  3    Str:  8    XL:     2   Next: 44%
Magic:  4/4        EV: 12    Int: 13    God:
Gold:   13         SH:  0    Dex: 18    Spells: 1/1 levels left

rFire   . . .        Y - +0 shortbow
rCold   . . .        (shield currently unavailable)
rNeg    . . .        c - +0 leather armour
rPois   .            (no helmet)
rElec   .            (no cloak)
rCorr   .            (no gloves)
SInv    .            (no boots)
Will    .....        (no amulet)
Stlth   ++           (no ring)
HPRegen 0.22/turn    (no ring)
MPRegen 0.09/turn

%: no passive effects
@: no status effects
A: no striking features
a: no special abilities


You were on level 1 of the Dungeon.
You visited 1 branch of the dungeon, and saw 2 of its levels.

You collected 13 gold pieces.


   Skills:
 - Level 1.5 Fighting
 + Level 6.2 Ranged Weapons
 - Level 2.4 Dodging
 - Level 1.2 Stealth


You had one spell level left.
You didn't know any spells.
Your spell library was empty.

Inventory:

Hand Weapons
 Y - a +0 shortbow (weapon)
Armour
 c - a +0 leather armour (worn)
Scrolls
 a - 2 scrolls of enchant armour

Dungeon Overview and Level Annotations

Branches:
Dungeon (2/15)

Altars:


Message History

Done exploring.
Enter note:
Enter note:
Enter note: Done exploring.
643 ||| READING 3 scrolls labelled CAKI POACUZXO.
As you read the scroll labelled CAKI POACUZXO, it crumbles to dust.
It is a scroll of enchant armour.
Really abort (and waste the scroll)?
Done exploring.
644 ||| DROPPING scroll of butterflies.
You drop a scroll of butterflies.
Done exploring.
(D) Dungeon
Where to? (* - list waypoints, ? - help)
What level of the Dungeon? (default 1, ? - help)
There is a stone staircase leading down here.
You climb downwards.
Found a white potion and a sapphire potion.
There is a stone staircase leading up here.
A worm is nearby!
Waypoint 1 assigned to D:2.
You shoot an arrow. The arrow hits the worm!
The worm is moderately wounded.
You hear a shout!
A kobold comes into view. It is wielding a +0 club.
You hear an angry hiss.
You hear a shout!
You shoot an arrow. The arrow hits the worm.
The worm is heavily wounded.
The worm closely misses you.
You shoot an arrow. The arrow hits the worm.
The worm is heavily wounded.
The worm bites you!
Ouch! That really hurt!
686 ||| STAIRDANCE The kobold hits you but does no damage.
You climb upwards.
There is a stone staircase leading down here.
You shoot an arrow. The arrow hits the worm!
The worm is almost dead.
The kobold closely misses you. The worm bites you!
You die...

###.# #.#.# ##.# #..# #.# #.#.#
########.# #..# #.#
#.#.####.....##.# #..# #.#
#........###.##.###... #.#
###.###.(............#
#.##########.####.#.#..........
#....................###.####.#
############.#######.# #......#
#.K@w.....###.######
##########...## #####


You could see a worm and a kobold.

Vanquished Creatures
  A dart slug (D:1)
  An endoplasm (D:1)
  3 giant cockroaches (D:1)
  2 goblins (D:1)
  A hobgoblin (D:1)
  A quokka (D:1)
  A ball python (D:1)
  A frilled lizard (D:1)
  2 kobolds (D:1)
13 creatures vanquished.

Notes
Turn   | Place    | Note
-------+----------+-------------------------------------------
     0 | D:1      | qw the Deep Elf Hunter began the quest for the Orb.
     0 | D:1      | Reached XP level 1. HP: 12/12 MP: 3/3
     0 | D:1      | 0 ||| qw: Version: 0.3-a-9-g12657ce
     0 | D:1      | 0 ||| qw: Game counter: 2943
     0 | D:1      | 0 ||| qw: Always use a shield: true
     0 | D:1      | 0 ||| qw: God list: Okawaru
     0 | D:1      | 0 ||| qw: Allow faded altars: false
     0 | D:1      | 0 ||| qw: Do Orc after D:15 true
     0 | D:1      | 0 ||| qw: Do second Lair branch before Depths: true
     0 | D:1      | 0 ||| qw: Lair rune preference: random
     0 | D:1      | 0 ||| qw: Plans: Normal
     0 | D:1      | 0 ||| PLANNING D:1-11
   133 | D:1      | Reached XP level 2. HP: 15/16 MP: 4/4
   355 | D:1      | Reached skill level 6 in Ranged Weapons
   643 | D:1      | 643 ||| READING 3 scrolls labelled CAKI POACUZXO.
   644 | D:1      | 644 ||| DROPPING scroll of butterflies.
   686 | D:2      | 686 ||| STAIRDANCE
   688 | D:1      | Slain by a worm

Levels and vault maps discovered:
D:1:      onia_arrival_mini_spirals, layout_loops_ring,
          minmay_misc_feat_nine_boxes, grunt_decor_arrowhead
D:2:      layout_rooms, basic_altar, nicolae_titane, uniq_crazy_yiuf_cottage,
          uniq_sigmund, uniq_robin

Skill      XL: |  1  2 |
---------------+-------+-----
Ranged Weapons | 6 |  6.2
Fighting       | |  1.5
Dodging        | |  2.4
Stealth        | |  1.2

Action                     || total
---------------------------++-------
   Fire: Shortbow          ||    40
    Use: Scroll            ||     1
 Armour: Leather armour    ||     5
  Dodge: Dodged            ||     9

Table legend:
 A = Non-vault XP
 B = Vault XP
 C = Vault XP percentage of total XP
 D = Non-vault monster count
 E = Vault monster count
 F = Vault count percentage of total count
                 A         B        C        D         E       F
            +---------+---------+-------+---------+---------+-------
      Total |      25 |       0 |   0.0 |      13 |       0 |   0.0
            +---------+---------+-------+---------+---------+-------
        D:1 |      25 |       0 |   0.0 |      13 |       0 |   0.0
            +---------+---------+-------+---------+---------+-------
